 Dungeon Crawl Stone Soup version 0.27-a0-3-gcf006a40f5 (webtiles) character file.

Game seed: 2739793087892633029

3666 tilp the Basher (level 9, -4/80 HPs)
             Began as a Palentonga Abyssal Knight on Jan 1, 2021.
             Was an Elder of Lugonu.
             Slain by a two-headed ogre
             ... wielding a +0 giant club
              (22 damage)
             ... on level 7 of the Dungeon.
             The game lasted 00:15:12 (10540 turns).

tilp the Basher (Palentonga Abyssal Knight)        Turns: 10540, Time: 00:15:13

Health: -4/80      AC: 18    Str: 19    XL:     9   Next: 89%
Magic:  0/13       EV:  5    Int: 12    God:    Lugonu [****..]
Gold:   456        SH:  9    Dex: 10    Spells: 8/8 levels left

rFire    . . .     SeeInvis +   a - +1 flail (vorpal)
rCold    . . .     Faith    .   u - +0 kite shield
rNeg     . . .     Spirit   +   l - +0 chain mail
rPois    .         Reflect  .   m - +1 helmet
rElec    .         Harm     .   k - +0 cloak
rCorr    .         Rampage  .   g - +0 pair of gloves
Will     ++...                  (no barding)
Stlth    ..........             r - amulet of guardian spirit
HPRegen  0.23/turn              e - ring of willpower
MPRegen  0.13/turn              w - ring of willpower

@: curled up
A: large, rugged brown scales 3, see invisible, deformed body, roll 1, armoured
tail, reflexive curl
a: Rolling Charge, Renounce Religion, Depart the Abyss, Bend Space, Banish,
Corrupt


You were on level 7 of the Dungeon.
You worshipped Lugonu.
Lugonu was greatly pleased with you.
You visited 1 branch of the dungeon, and saw 7 of its levels.
You visited the Abyss 1 time.

You collected 456 gold pieces.

Inventory:

Hand Weapons
 a - a +1 vorpal flail (weapon)
 b - a +0 hand axe of electrocution
 h - a +0 whip of freezing
 n - a +0 flail of protection
Missiles
 i - 272 stones
 v - 26 poisoned darts (quivered)
Armour
 g - a +0 pair of gloves (worn)
 k - a +0 cloak (worn)
 l - a +0 chain mail (worn)
 m - a +1 helmet (worn)
 u - a +0 kite shield (worn)
Magical Staves
 H - an uncursed staff of earth {unknown}
Jewellery
 e - a ring of willpower (left hand)
 j - an uncursed ring of protection from fire {unknown}
 r - an amulet of guardian spirit (around neck)
 w - a ring of willpower (right hand)
 y - an uncursed amulet of reflection
 G - the ring "Mes Nenio" {rElec rF- Str+6 Int+4 Dex+4, unknown}
   (You found it on level 6 of the Dungeon)

   [ring of strength]

   It affects your strength (+6).
   It affects your intelligence (+4).
   It affects your dexterity (+4).
   It makes you vulnerable to fire.
   It insulates you from electricity.
Wands
 p - a wand of paralysis (4)
 x - a wand of digging (3)
 D - a wand of enslavement (6)
 I - a wand of polymorph (10)
 J - a wand of flame (14)
Scrolls
 c - 2 scrolls of fog
 d - a scroll of fear
 o - a scroll of magic mapping
 q - a scroll of remove curse
 s - 2 scrolls of teleportation
Potions
 f - 3 potions of magic {unknown}
 t - a potion of haste
 z - a potion of resistance
 A - a potion of ambrosia {unknown}
 B - a potion of attraction {unknown}
 C - a potion of berserk rage {unknown}
 E - 3 potions of heal wounds
 F - a potion of might


   Skills:
 + Level 6.1 Fighting
 + Level 10.0 Maces & Flails
 - Level 2.0 Armour
 - Level 4.0 Dodging
 - Level 4.0 Shields
 - Level 6.0 Invocations


You had 8 spell levels left.
You didn't know any spells.
Your spell library was empty.

Dungeon Overview and Level Annotations

Branches:
Dungeon (7/15)
 Temple: D:4-7

Altars:
Cheibriados
Dithmenos
Gozag
Kikubaaqudgha
Nemelex Xobeh
Okawaru
Vehumet

Shops:
D:4 }

Annotations:
D:6 3 runed translucent doors, Dracia's ghost, novice DsGl


Innate Abilities, Weirdness & Mutations

You are completely covered in rugged brown scales. (AC +3, +7% HP)
You have supernaturally acute eyesight. (SInv)
Armour fits poorly on your strangely shaped body.
You can roll at nearby foes to attack.
You have a long armoured tail.
You curl defensively after being hit.


Message History

You sock the two-headed ogre! You tail-slap the two-headed ogre.
The two-headed ogre is moderately wounded.
The two-headed ogre hits you with a +0 giant club! x2
Your shield and chain mail prevent you from hitting the two-headed ogre.
You tail-slap the two-headed ogre!
The two-headed ogre is heavily wounded.
You hit the two-headed ogre but do no damage.
The two-headed ogre is heavily wounded.
The two-headed ogre hits you with a +0 giant club!
The two-headed ogre hits you with a +0 giant club.
* * * LOW HITPOINT WARNING * * *
You hit the two-headed ogre. You tail-slap the two-headed ogre.
The two-headed ogre is severely wounded.
The two-headed ogre hits you with a +0 giant club!
* * * LOW HITPOINT WARNING * * *
You block the two-headed ogre's attack.
You hit the two-headed ogre but do no damage.
The two-headed ogre is severely wounded.
The two-headed ogre hits you with a +0 giant club!!
You die...

.>.#####.########...>.........
#..###...####...#.... .......
.......#)...........# #####..
#####.))####...##.. ##.##
##.## #.# #.# #.######.#
#........# ##.#.#@### .
##O((.... .# ######.


You could see a two-headed ogre (poisoned).

Vanquished Creatures
  Pikel (D:5)
  A gargoyle (D:7)
  Grinder (D:4)
  Eustachio (D:5)
  Duvessa (D:5)
  An ice beast (D:6)
  A phantom (D:5)
  2 ogres (D:4)
  3 centaurs
  A big kobold (D:7)
  A bullfrog (D:7)
  3 gnoll sergeants (D:5)
  Dowan (D:5)
  3 scorpions
  5 killer bees
  A howler monkey (D:7)
  A bullfrog zombie (D:5)
  3 hounds
  3 orc wizards
  3 orc priests
  2 gnoll shamans
  3 iguanas
  A bullfrog skeleton (D:4)
  Jessica (D:2)
  Ijyb (D:5)
  2 worker ants (D:5)
  2 hound zombies
  A hound skeleton (D:6)
  Robin (D:1)
  2 howler monkey zombies
  15 gnolls
  14 adders
  A shadow imp (D:5)
  A white imp (D:5)
  An ooze (D:4)
  An adder skeleton (D:5)
  4 worms
  2 dart slugs
  3 leopard geckos
  20 orcs
  5 giant cockroaches
  11 goblins
  9 hobgoblins
  19 jackals
  6 kobolds
  2 quokkas
  2 ball pythons (D:3)
  8 bats
  2 frilled lizards
  7 rats
186 creatures vanquished.

Vanquished Creatures (others)
  An orc wizard (D:7)
  11 plants (D:7)
12 creatures vanquished.

Grand Total: 198 creatures vanquished

Notes
Turn   | Place    | Note
-------+----------+-------------------------------------------
     0 | Abyss:1  | tilp the Palentonga Abyssal Knight began the quest for the
                  | Orb.
     0 | Abyss:1  | Reached XP level 1. HP: 20/20 MP: 2/2
    57 | Abyss:1  | Noticed a lorocyproca
    59 | D:1      | Escaped the Abyss
   345 | D:1      | Reached skill level 1 in Dodging
   345 | D:1      | Reached * piety under Lugonu
   444 | D:1      | Reached XP level 2. HP: 27/27 MP: 3/3
  1333 | D:2      | Reached XP level 3. HP: 32/33 MP: 4/4
  1392 | D:2      | Noticed Robin
  1429 | D:1      | Killed Robin
  1568 | D:1      | Reached ** piety under Lugonu
  1569 | D:1      | Reached XP level 4. HP: 36/40 MP: 5/5
  1708 | D:2      | Noticed a centaur
  1926 | D:2      | Killed a centaur
  1927 | D:2      | Reached skill level 3 in Maces & Flails
  1927 | D:2      | Reached XP level 5. HP: 34/49 MP: 7/7
  2078 | D:2      | Noticed Jessica
  2111 | D:2      | Killed Jessica
  2608 | D:2      | Reached XP level 6. HP: 44/55 MP: 8/8
  2797 | D:2      | Reached skill level 4 in Maces & Flails
  2826 | D:2      | Found a faded altar of an unknown god.
  3615 | D:3      | Reached *** piety under Lugonu
  3841 | D:4      | Found Vyta's Gadget Boutique.
  3989 | D:4      | Found a sparkling altar of Nemelex Xobeh.
  4047 | D:4      | Reached skill level 5 in Maces & Flails
  4664 | D:4      | Gained mutation: You curl defensively after being hit.
                  | [Palentonga growth]
  4664 | D:4      | Reached XP level 7. HP: 63/63 MP: 10/10
  4692 | D:4      | Noticed Grinder
  4693 | D:4      | Paralysed by Grinder for 2 turns
  4701 | D:4      | Paralysed by Grinder for 7 turns
  4711 | D:4      | Killed Grinder
  4712 | D:4      | Reached skill level 6 in Maces & Flails
  4904 | D:4      | Reached skill level 1 in Shields
  5164 | D:5      | Entered Level 5 of the Dungeon
  5180 | D:5      | Noticed Duvessa
  5714 | D:5      | Reached XP level 8. HP: 65/71 MP: 11/11
  6166 | D:5      | Noticed Dowan
  6186 | D:5      | Killed Duvessa
  6186 | D:5      | Reached **** piety under Lugonu
  6493 | D:5      | Killed Dowan
  6494 | D:5      | Reached skill level 5 in Invocations
  6868 | D:5      | Paralysed by an orc wizard for 2 turns
  6874 | D:5      | Reached skill level 5 in Fighting
  7117 | D:5      | Noticed Ijyb
  7129 | D:5      | Killed Ijyb
  7139 | D:5      | Noticed Eustachio
  7143 | D:5      | Reached skill level 7 in Maces & Flails
  7150 | D:5      | Killed Eustachio
  7392 | D:5      | Found a snail-covered altar of Cheibriados.
  7392 | D:5      | Found a shadowy altar of Dithmenos.
  7397 | D:5      | Found an opulent altar of Gozag.
  7399 | D:5      | Found an ancient bone altar of Kikubaaqudgha.
  7401 | D:5      | Found an iron altar of Okawaru.
  7944 | D:6      | Noticed Pikel
  7975 | D:5      | Killed Pikel
  7976 | D:5      | Reached XP level 9. HP: 76/80 MP: 11/13
  8242 | D:6      | Got a sparkling lapis lazuli ring
  8288 | D:6      | Found a runed translucent gate.
  8288 | D:6      | Found a runed translucent gate.
  8288 | D:6      | Found a runed translucent gate.
  8289 | D:6      | Noticed Dracia's ghost (novice DsGl)
  8289 | D:6      | Identified the cursed +1 whip of Heuwiy {venom, rN+ Str+4
                  | Int-5}
  8525 | D:5      | HP: 4/80 [poisoned by a killer bee]
  8532 | D:5      | HP: 4/80 [poisoned by a killer bee]
  8540 | D:5      | HP: 4/80 [poisoned by a killer bee]
  8880 | D:6      | Reached skill level 8 in Maces & Flails
  9009 | D:7      | Found a radiant altar of Vehumet.
  9545 | D:7      | Reached skill level 9 in Maces & Flails
  9962 | D:7      | Noticed a gargoyle
 10214 | D:7      | Killed a gargoyle
 10215 | D:7      | Reached skill level 10 in Maces & Flails
 10532 | D:7      | Noticed a two-headed ogre
 10540 | D:7      | Slain by a two-headed ogre

Illustrated notes

Levels and vault maps discovered:
D:1:      lightli_arrival_isolated_outpost, layout_basic, nrook_loot_triangle
D:2:      layout_rooms, chequers_ecumenical_altar_grove, uniq_jessica,
          uniq_robin
D:3:      layout_basic, chequers_serial_rivers_room_b
D:4:      layout_gridville, overflow_temple_1_default, serial_shops,
          kennysheep_mini, uniq_grinder
D:5:      layout_cave_pools, chequers_temple_overflow_minitemple,
          serial_gnoll_camp, gnoll_camp_mini_hut, gnoll_camp_huts_basic,
          gnoll_camp_mini_hut, gnoll_camp_mini_hut, uniq_ijyb, uniq_eustachio,
          uniq_duvessa
D:6:      layout_rooms, gammafunk_ghost_nasty_kobolds, uniq_pikel
D:7:      layout_loops_ring, vehumet_altar_wand_db,
          minmay_temple_entry_poolview, minmay_shattered_shrine

Skill      XL: |  1  2  3  4  5  6  7  8  9 |
---------------+----------------------------+-----
Dodging        | 1 2 4 |  4.0
Armour         | 2 |  2.0
Maces & Flails | 3 5 6 7 10 | 10.0
Invocations    | 3 4 6 |  6.0
Fighting       | 4 5 6 |  6.1
Shields        | 1 3 4 |  4.0

Action                   |  1- 3 |  4- 6 |  7- 9 || total
-------------------------+-------+-------+-------++-------
Melee: Mace              |   116 |   239 |    73 ||   428
       Tailslap          |    11 |    24 |    66 ||   101
       Flail             |       |       |   358 ||   358
Throw: Stone             |       |     2 |     1 ||     3
       Dart              |       |       |     3 ||     3
Invok: Depart the Abyss  |     1 |       |       ||     1
       Bend Space        |       |     1 |     3 ||     4
 Abil: Rolling Charge    |     2 |    11 |    22 ||    35
Evoke: Wand              |       |       |     1 ||     1
  Use: Scroll            |       |     3 |    11 ||    14
       Potion            |       |       |     2 ||     2
 Stab: Paralysed         |       |       |     5 ||     5
Armor: Leather armour    |    14 |       |       ||    14
       Chain mail        |   101 |   208 |   247 ||   556
Dodge: Dodged            |    41 |    60 |    72 ||   173
Block: Buckler           |    14 |    19 |       ||    33
       Kite shield       |       |    27 |   180 ||   207

Table legend: (Time is in decaauts)
 A = Elapsed time spent in this place.
 B = Non-inter-level travel time spent in this place.
 C = Inter-level travel time spent in this place.
 D = Time resting spent in this place.
 E = Time spent auto-exploring this place.
 F = Levels seen in this place.
 G = Mean time per level.
                   A        B        C        D        E       F      G
               +--------+--------+--------+--------+--------+-----+--------+
         Total |  10719 |  10212 |    507 |   4490 |   3851 |   8 | 1339.9 |
       Dungeon |  10660 |  10153 |    507 |   4490 |   3798 |   7 | 1522.9 |
         Abyss |     59 |     59 |      0 |      0 |     53 |   1 |   59.0 |
               +--------+--------+--------+--------+--------+-----+--------+

Top non-repeatable levels by time:
     D:4: 2361 daAuts
     D:5: 1834 daAuts
     D:6: 1612 daAuts
     D:1: 1476 daAuts
     D:2: 1443 daAuts
     D:3: 1212 daAuts
     D:7: 719 daAuts
 Abyss:1: 59 daAuts
